 Dungeon Crawl Stone Soup version 0.31-a0-232-gb1c03b2570 (webtiles) character file.

Game seed: 11407618498326445888

97 protoss039 the Digger (level 4, -12/33 HPs)
             Began as a Demonspawn Earth Elementalist on July 7, 2023.
             Mangled by a gnoll
             ... wielding a +1 whip of electrocution
              (13 damage)
             ... on level 3 of the Dungeon.
             The game lasted 00:03:29 (2377 turns).

protoss039 the Digger (DsEE)                        Turns: 2377, Time: 00:03:30

Health: -12/33     AC:  3    Str:  9    XL:     4   Next: 42%
Magic:  4/8        EV: 12    Int: 20    God:
Gold:   130        SH:  0    Dex: 13    Spells: 2/8 levels left

rFire   . . .        f - +0 dagger
rCold   . . .        (no shield)
rNeg    . . .        a - +0 robe
rPois   .            (no helmet)
rElec   .            k - +0 cloak
rCorr   .            (no gloves)
SInv    .            (no boots)
Will    .....        (no amulet)
Stlth   ++           (no ring)
HPRegen 0.25/turn    (no ring)
MPRegen 0.11/turn

%: no passive effects
@: very slightly contaminated
A: big brain 1
a: no special abilities


You were on level 3 of the Dungeon.
You visited 1 branch of the dungeon, and saw 3 of its levels.

You collected 130 gold pieces.

Inventory:

Hand Weapons
 f - a +0 dagger (weapon)
Armour
 a - a +0 robe (worn)
 k - a +0 cloak (worn)
Magical Staves
 m - a staff of fire
Scrolls
 c - a scroll of identify {unknown}
 d - a scroll of poison {unknown}
 g - a scroll of revelation {unknown}
 j - a scroll of summoning {unknown}
 l - a scroll of fog {unknown}
 n - a scroll of fear {unknown}
Potions
 e - a potion of might {unknown}
 h - 2 potions of brilliance {unknown}
 i - 3 potions of curing {unknown}
 o - a potion of attraction {unknown}


   Skills:
 + Level 2.0 Fighting
 - Level 1.7 Dodging
 - Level 1.7 Stealth
 + Level 2.8 Spellcasting
 + Level 1.1 Conjurations
 - Level 0.8 Transmutations
 + Level 3.4 Earth Magic


You had 2 spell levels left.
You knew the following spells:

 Your Spells              Type           Power      Damage    Failure   Level
a - Sandblast             Erth           32%        2d9       3%          1
b - Passwall              Tmut/Erth      9%         N/A       9%          2
c - Stone Arrow           Conj/Erth      24%        3d8       17%         3

Your spell library contained the following spells:

 Spells                   Type           Power      Damage    Failure   Level
 Petrify                  Tmut/Erth      11%        N/A       52%         4


Dungeon Overview and Level Annotations

Branches:
Dungeon (3/15) Zot: 15587

Altars:

Annotations:
D:3 Sigmund


Innate Abilities, Weirdness & Mutations

You have an unusually large brain. (Int +2)


Message History

Casting: Sandblast (safe; 3% risk of failure)
Confirm with . or Enter, or press ? or * to list all spells.
Aiming: Sandblast (safe; 3% risk of failure)
Press: ? - help, Shift-Dir - straight line, f/p - gnoll
Aim: a gnoll, wielding a +0 spear (severely wounded, 84% to hit)
The blast of sand hits the gnoll!
You kill the gnoll!
Unknown command.
Casting: Sandblast (safe; 3% risk of failure)
Confirm with . or Enter, or press ? or * to list all spells.
Aiming: Sandblast (safe; 3% risk of failure)
Press: ? - help, Shift-Dir - straight line, f - gnoll
Aim: a gnoll, wielding a +1 whip of electrocution (84% to hit)
The blast of sand hits the gnoll.
The gnoll is moderately wounded.
The gnoll hits you with a +1 whip of electrocution.
Unknown command.
Casting: Sandblast (safe; 3% risk of failure)
Confirm with . or Enter, or press ? or * to list all spells.
Aiming: Sandblast (safe; 3% risk of failure)
Press: ? - help, Shift-Dir - straight line, f/p - gnoll
Aim: a gnoll, wielding a +1 whip of electrocution (moderately wounded, 84% to hit)
The blast of sand hits the gnoll.
The gnoll is moderately wounded.
The gnoll hits you with a +1 whip of electrocution.
* * * LOW HITPOINT WARNING * * *
The gnoll closely misses you.
Your magical contamination has completely faded away.
Casting: Sandblast (safe; 3% risk of failure)
Confirm with . or Enter, or press ? or * to list all spells.
Aiming: Sandblast (safe; 3% risk of failure)
Press: ? - help, Shift-Dir - straight line, f/p - gnoll
Aim: a gnoll, wielding a +1 whip of electrocution (moderately wounded, 84% to hit)
You miscast Sandblast.
You are very lightly contaminated with residual magic.
Nothing appears to happen.
The gnoll hits you with a +1 whip of electrocution.
* * * LOW HITPOINT WARNING * * *
You are electrocuted!
You die...

#.# #. #.#
#.# #.#
##.###### #.#
........ #)#
#.#####. #S#
#.#####. #g#
#....... #@#
#....... #.#
#.###### #.#
#.# #.# #.#
#.#########.#
#.........).#
#############


You could see a gnoll and a ball python.

Vanquished Creatures
  3 gnolls (D:3)
  2 adders (D:2)
  2 dart slugs
  An orc (D:3)
  2 ball pythons (D:1)
  4 bats
  3 endoplasms
  3 giant cockroaches (D:1)
  6 goblins
  5 hobgoblins
  3 kobolds
  A quokka (D:1)
  A frilled lizard (D:2)
  5 rats
41 creatures vanquished.

Notes
Turn   | Place    | Note
-------+----------+-------------------------------------------
     0 | D:1      | protoss039 the Demonspawn Earth Elementalist began the
                  | quest for the Orb.
     0 | D:1      | Reached XP level 1. HP: 13/13 MP: 3/3
   206 | D:1      | Gained mutation: You have an unusually large brain. (Int
                  | +2) [demonic ancestry]
   206 | D:1      | Reached XP level 2. HP: 20/20 MP: 1/5
   265 | D:1      | Reached skill level 1 in Fighting
   293 | D:1      | Reached skill level 3 in Earth Magic
   791 | D:1      | Reached XP level 3. HP: 26/26 MP: 4/6
  1035 | D:2      | Learned a level 2 spell: Passwall
  1039 | D:2      | Learned a level 3 spell: Stone Arrow
  1216 | D:2      | Found a faded altar of an unknown god.
  2092 | D:3      | Noticed Sigmund
  2366 | D:3      | Reached XP level 4. HP: 33/33 MP: 4/8
  2371 | D:3      | Reached skill level 1 in Conjurations
  2377 | D:3      | HP: 1/33 [gnoll/+1 whip of electrocution (6)]
  2377 | D:3      | Mangled by a gnoll

Illustrated notes

Levels and vault maps discovered:
D:1:      nzn_arrival_depleted_hourglass, layout_rooms, serial_forest,
          infiniplex_forest_end_double, infiniplex_forest_clump_small,
          infiniplex_forest_clump_tiny, infiniplex_forest_straight_1,
          infiniplex_forest_end_double, infiniplex_forest_clump_long,
          grunt_decor_clamped
D:2:      layout_loops_corners, shapermc_ecumenical_altar_hornbeckon,
          kennysheep_flooded_box
D:3:      layout_loops_ring, gammafunk_ghost_gnarly_gnolls, uniq_grinder,
          uniq_sigmund, uniq_crazy_yiuf_cottage

Skill      XL: |  1  2  3  4 |
---------------+-------------+-----
Fighting       | 1 2 |  2.0
Earth Magic    | 3 |  3.4
Conjurations   | 1 |  1.1
Dodging        | |  1.7
Stealth        | |  1.7
Spellcasting   | |  2.8
Transmutations | |  0.8

Action                     |  1- 3 |  4- 6 || total
---------------------------+-------+-------++-------
  Melee: Dagger            |    25 |       ||    25
   Cast: Sandblast         |    49 |     8 ||    57
    Use: Potion            |       |     1 ||     1
 Armour: Robe              |     9 |       ||     9
  Dodge: Dodged            |    24 |     2 ||    26

Table legend: (Time is in decaauts)
 A = Elapsed time spent in this place.
 B = Non-inter-level travel time spent in this place.
 C = Inter-level travel time spent in this place.
 D = Time resting spent in this place.
 E = Time spent auto-exploring this place.
 F = Levels seen in this place.
 G = Mean time per level.
                   A        B        C        D        E       F      G
               +--------+--------+--------+--------+--------+-----+--------+
         Total |   2411 |   2348 |     63 |     23 |   1931 |   3 |  803.7 |
       Dungeon |   2411 |   2348 |     63 |     23 |   1931 |   3 |  803.7 |
               +--------+--------+--------+--------+--------+-----+--------+

Top non-repeatable levels by time:
     D:2: 1037 daAuts
     D:1: 1032 daAuts
     D:3: 342 daAuts
